 Dungeon Crawl Stone Soup version 0.29.1 (webtiles) character file.

Game seed: 11580464535251316972

100 Taroth the Trooper (level 4, -2/40 HPs)
             Began as a Draconian Fighter on Sept 13, 2022.
             Was a Follower of Elyvilon.
             Slain by an adder (5 damage)
             ... on level 3 of the Dungeon.
             The game lasted 00:04:09 (2323 turns).

Taroth the Trooper (Draconian Fighter)              Turns: 2323, Time: 00:04:10

Health: -2/40      AC:  5    Str: 18    XL:     4   Next: 47%
Magic:  4/4        EV: 13    Int:  8    God:    Elyvilon [*.....]
Gold:   124        SH:  0    Dex: 13    Spells: 3/3 levels left

rFire   . . .      SeeInvis .   a - +0 long sword
rCold   . . .      Faith    .   e - orb {mayhem}
rNeg    . . .      Spirit   .   (body armour unavailable)
rPois   .          Reflect  .   (helmet restricted)
rElec   .          Harm     .   (no cloak)
rCorr   .          Rampage  .   (no gloves)
Will    .....                   (no boots)
Stlth   +.........              (no amulet)
HPRegen 0.13/turn               (no ring)
MPRegen 0.09/turn               (no ring)

@: lethally poisoned (-2 -> -2), slowed, very slow
A: AC +5, unfitting armour, cold-blooded
a: Renounce Religion, Purification


You were on level 3 of the Dungeon.
You worshipped Elyvilon.
Elyvilon was aware of your devotion.
You visited 1 branch of the dungeon, and saw 3 of its levels.

You collected 124 gold pieces.

Inventory:

Hand Weapons
 a - a +0 long sword (weapon)
Armour
 b - a +0 buckler
 e - an orb of mayhem (worn)
Wands
 h - a wand of polymorph (8)
Potions
 c - a potion of might
 d - a potion of brilliance
 f - 2 potions of curing
 g - a potion of cancellation


   Skills:
 + Level 3.9 Fighting
 + Level 3.5 Long Blades
 + Level 3.1 Dodging
 + Level 0.4 Stealth
 + Level 3.3 Shields


You had 3 spell levels left.
You didn't know any spells.
Your spell library was empty.

Dungeon Overview and Level Annotations

Branches:
Dungeon (3/15)

Altars:
Elyvilon


Innate Abilities, Weirdness & Mutations

Your plain brown scales are hard. (AC +5)
You cannot fit into any form of body armour.
You are cold-blooded and may be slowed by cold attacks.


Message History

You hit the goblin.
You kill the goblin!
The adder flies into a frenzy!
The adder barely misses Jessica.
Jessica hits the adder with a +0 dagger.
The adder bites Jessica.
Jessica dies!
You barely miss the adder.
Your tail-slap misses the adder.
The adder is heavily wounded.
The adder barely misses you. The adder bites you. The adder closely misses you.
The adder bites you.
You miss the adder.
The adder is heavily wounded.
The adder bites you.
You are poisoned.
The adder poisons you! The adder closely misses you. The adder misses you.
You barely miss the adder.
The adder is heavily wounded.
You feel sick. The adder barely misses you. The adder closely misses you.
The adder bites you. x2
You are too injured to fight recklessly!
You are too injured to fight recklessly!
You are too injured to fight recklessly!
You are too injured to fight recklessly!
You are too injured to fight recklessly!
You barely miss the adder.
The adder is heavily wounded.
You feel sick. The adder bites you.
* * * LOW HITPOINT WARNING * * *
You are more poisoned.
The adder poisons you! The adder misses you. The adder completely misses you.
You barely miss the adder.
The adder is heavily wounded.
You feel sick. The adder barely misses you. The adder misses you.
The adder bites you.
* * * LOW HITPOINT WARNING * * *
The adder misses you.
You barely miss the adder.
Your tail-slap misses the adder.
The adder is heavily wounded.
You feel sick. The adder bites you.
You die...

#. #. +. # #.
#...########## #.
....).S@.....######
#.
....########......#
#. . #......#####.
#........|...
#......######
##.......[...
#.#.#..###..
#.#.#.......
##.#.........


You could see a neutral adder (fast, strong, insane).

Vanquished Creatures
  Natasha (D:3)
  3 dart slugs
  4 ball pythons
  6 endoplasms
  4 giant cockroaches
  3 goblins
  4 hobgoblins (D:1)
  4 kobolds
  2 quokkas
  A bat (D:1)
  3 frilled lizards
  6 rats
41 creatures vanquished.

Vanquished Creatures (collateral kills)
  Jessica (D:3)
1 creature vanquished.

Vanquished Creatures (others)
  A fungus (D:3)
1 creature vanquished.

Grand Total: 43 creatures vanquished

Notes
Turn   | Place    | Note
-------+----------+-------------------------------------------
     0 | D:1      | Taroth the Draconian Fighter began the quest for the Orb.
     0 | D:1      | Reached XP level 1. HP: 19/19 MP: 1/1
   252 | D:1      | Reached XP level 2. HP: 26/26 MP: 2/2
  1010 | D:2      | Reached XP level 3. HP: 33/33 MP: 3/3
  1595 | D:2      | Found a faded altar of an unknown god.
  1631 | D:2      | Prayed at the altar of an unknown god.
  1631 | D:2      | Became a worshipper of Elyvilon the Healer
  1631 | D:2      | Reached * piety under Elyvilon
  2003 | D:3      | Noticed Natasha
  2012 | D:3      | Killed Natasha
  2013 | D:3      | Reached XP level 4. HP: 39/40 MP: 4/4
  2301 | D:3      | Noticed Jessica
  2317 | D:3      | Killed Jessica
  2323 | D:3      | Slain by an adder

Illustrated notes

Levels and vault maps discovered:
D:1:      amcnicky_arrival_single_pillar, layout_basic, minmay_misc_feat_tiny
D:2:      layout_basic, ebering_ecumenical_altar_ruins
D:3:      layout_basic, uniq_natasha, uniq_terence, uniq_grinder, uniq_jessica,
          uniq_crazy_yiuf_cottage

Skill      XL: |  1  2  3 |
---------------+----------+-----
Dodging        | 3 |  3.1
Long Blades    | 3 |  3.5
Fighting       | |  3.9
Stealth        | |  0.4
Shields        | |  3.3

Action                   |  1- 3 |  4- 6 || total
-------------------------+-------+-------++-------
Melee: Long sword        |   107 |    27 ||   134
       Tailslap          |    11 |     1 ||    12
  Use: Potion            |     3 |       ||     3
       Scroll            |     2 |     1 ||     3
Armor: Skin              |    40 |     8 ||    48
Dodge: Dodged            |    90 |    28 ||   118
Block: Buckler           |     4 |       ||     4
